 Dungeon Sprint DCSS version 0.20-a0-1122-gb7cbeb9 (webtiles) character file.

3600000 Denreik the Ninja (level 21, -2/204 HPs)
             Began as a Formicid Venom Mage on May 14, 2017.
             Was a High Priest of Makhleb.
             Slain by a destroyer
             ... wielding a +9 great sword of slicing
              (35 damage)
             ... in the Dungeon (Sprint VIII: "Arena of Blood").
             The game lasted 00:02:46 (36 turns).

Denreik the Ninja (Formicid Venom Mage)               Turns: 36, Time: 00:02:48

Health: -2/204     AC:  2    Str: 16    XL:     21   Next: 19%
Magic:  26/52      EV: 34    Int: 15    God:    Makhleb [*****.]
Gold:   0          SH:  0    Dex: 18    Spells: 73/74 levels left

rFire    . . .     SeeInvis +   j - +∞ Axe of Woe
rCold    . . .     Gourm    .   (no shield)
rNeg     . . .     Faith    .   a - +0 robe
rPois    .         Spirit   .   (helmet unavailable)
rElec    .         Reflect  .   (no cloak)
rCorr    .         Harm     .   (no gloves)
MR       ++...                  (no boots)
Stlth    +++++++++.             (no amulet)
Regen    0.5/turn               (no ring)
MPRegen  0.4/turn               (no ring)

@: no status effects
A: permanent stasis, dig shafts and tunnels, four strong arms, antennae 3
a: Dig, Minor Destruction, Lesser Servant of Makhleb, Major Destruction, Greater
Servant of Makhleb, Renounce Religion


You were in the Dungeon.
You worshipped Makhleb.
Makhleb was extremely pleased with you.
You were not hungry.

You visited 1 branch

Inventory:

Hand Weapons
 j - the +∞ Axe of Woe (weapon)
   (You found it in the Dungeon)
 k - a +9 war axe
 m - a +9 great sword
Armour
 a - a +0 robe (worn)
Jewellery
 l - a +30 ring of slaying
 n - a +250 ring of slaying
Scrolls
 i - a scroll of blinking
Potions
 d - a potion of curing
 e - a potion of heal wounds
 f - a potion of haste
 g - 2 potions of magic
 h - a potion of berserk rage
Books
 b - a Young Poisoner's Handbook

   Spells                             Type                      Level
   a - Sting                          Conjuration/Poison           1
   b - Poisonous Vapours              Poison/Air                   2
   c - Mephitic Cloud                 Conjuration/Poison/Air       3
   d - Olgreb's Toxic Radiance        Poison                       4
   e - Venom Bolt                     Conjuration/Poison           5
Comestibles
 c - a bread ration


   Skills:
 O Level 27 Fighting
 O Level 27 Axes
 O Level 27 Dodging
 O Level 27 Stealth
 O Level 27 Spellcasting
 + Level 20.3 Conjurations
 O Level 27 Poison Magic


You had 73 spell levels left.
You knew the following spells:

 Your Spells              Type           Power        Failure   Level  Hunger
a - Sting                 Conj/Pois      ####         0%          1    None


Dungeon Overview and Level Annotations

Branches:
Dungeon (1/1)

Altars:
Makhleb

Annotations:
D The Servant


Innate Abilities, Weirdness & Mutations

You cannot be hasted, slowed, berserked, paralysed or teleported.
You can dig through walls and to a lower floor.
Your four strong arms can wield two-handed weapons with a shield.
You have a pair of large antennae on your head. (SInv)


Message History

3 orcs and a two-headed ogre come into view.
You hear a shout! x5
The destroyer moves out of view.
The destroyer blinks!
You hear a shout!
The meat berserker rages.
The bag of meat moves out of view.
You hear a shout! x4
The large bag of meat is engulfed in blazing flames.
You hear a shout!
A bag of meat comes into view. It is wielding a +9 war axe.
Things that are here:
a +9 great sword; a +250 ring of slaying
m - a +9 great sword;
n - a +250 ring of slaying You hear a shout! x2
The destroyer blinks!
The large bag of meat is engulfed in blazing flames.
The destroyer hits you with a +9 great sword of slicing!!!!!
Ouch! That really hurt!
* * * LOW HITPOINT WARNING * * *
You die... ..o. {oO.o

{ oo {oo....{{{{
{#... .{{#{ { #...
..O# . ..###VO.
...###..
.......###O.....
.....z§@_.......
.....#.Vo.§#... .
... #_O<)_# ...
....{#§§§@.#.....
#.....V.O§)))......
...{...§###§.......
...###.§. .o.###...
.. {{#... ...# ..
#.......#


You could see The Servant, 3 destroyers, a sculptor of flesh, 3 large bags of
meat, 2 meat berserkers and 7 bags of meat.

Vanquished Creatures
  4 ogres (D)
  A two-headed ogre (D)
  12 orcs (D)
  A skeletal warrior (D)
18 creatures vanquished.

Notes
Turn   | Place    | Note
-------+----------+-------------------------------------------
     0 | D        | Denreik the Formicid Venom Mage began the quest for the Orb.
     0 | D        | Reached XP level 1. HP: 13/13 MP: 3/3
     3 | D        | Noticed a bag of meat
     3 | D        | Noticed a bag of meat
     4 | D        | Noticed a bag of meat
     4 | D        | Noticed a bag of meat
     4 | D        | Killed a bag of meat
     4 | D        | Reached skill level 27 in Stealth
     4 | D        | Reached skill level 15 in Dodging
     4 | D        | Reached XP level 2. HP: 19/19 MP: 5/5
     4 | D        | Reached XP level 3. HP: 24/24 MP: 6/6
     4 | D        | Reached XP level 4. HP: 30/30 MP: 7/7
     4 | D        | Reached XP level 5. HP: 35/35 MP: 8/8
     4 | D        | Reached XP level 6. HP: 41/41 MP: 9/9
     4 | D        | Reached XP level 7. HP: 46/46 MP: 10/10
     4 | D        | Reached XP level 8. HP: 52/52 MP: 11/11
     4 | D        | Reached XP level 9. HP: 57/57 MP: 12/12
     4 | D        | Reached XP level 10. HP: 63/63 MP: 13/13
     4 | D        | Reached XP level 11. HP: 68/68 MP: 14/14
     4 | D        | Reached XP level 12. HP: 74/74 MP: 15/15
     5 | D        | Noticed a bag of meat
     5 | D        | Noticed a bag of meat
     6 | D        | Became a worshipper of Makhleb the Destroyer
     7 | D        | Noticed a meat berserker
     7 | D        | Noticed a bag of meat
     8 | D        | Noticed a bag of meat
     8 | D        | Killed a bag of meat
     8 | D        | Reached XP level 13. HP: 79/79 MP: 16/16
     8 | D        | Killed a bag of meat
     8 | D        | Reached * piety under Makhleb
     8 | D        | Reached XP level 14. HP: 85/85 MP: 17/17
     9 | D        | Killed a meat berserker
     9 | D        | Reached skill level 27 in Dodging
     9 | D        | Reached XP level 15. HP: 105/105 MP: 18/18
     9 | D        | Reached XP level 16. HP: 119/119 MP: 19/19
    10 | D        | Reached ** piety under Makhleb
    10 | D        | Reached skill level 10 in Fighting
    11 | D        | Noticed a meat berserker
    11 | D        | Reached XP level 17. HP: 135/135 MP: 20/20
    12 | D        | Reached *** piety under Makhleb
    12 | D        | Reached skill level 27 in Axes
    13 | D        | Killed a meat berserker
    13 | D        | Reached XP level 18. HP: 175/175 MP: 21/21
    16 | D        | Noticed a meat berserker
    17 | D        | Noticed a large bag of meat
    17 | D        | Reached skill level 27 in Fighting
    17 | D        | Reached skill level 1 in Conjurations
    17 | D        | Reached **** piety under Makhleb
    19 | D        | Reached XP level 19. HP: 189/189 MP: 21/34
    20 | D        | Noticed a large bag of meat
    21 | D        | Killed a meat berserker
    21 | D        | Reached skill level 27 in Poison Magic
    23 | D        | Noticed a destroyer
    26 | D        | Reached XP level 20. HP: 197/197 MP: 22/44
    27 | D        | Noticed a meat berserker
    28 | D        | Noticed The Servant
    28 | D        | Noticed a destroyer
    30 | D        | Noticed a large bag of meat
    30 | D        | Noticed a large bag of meat
    30 | D        | Killed a large bag of meat
    30 | D        | Reached ***** piety under Makhleb
    31 | D        | Noticed a destroyer
    32 | D        | Killed a meat berserker
    32 | D        | Reached skill level 27 in Spellcasting
    32 | D        | Reached XP level 21. HP: 149/204 MP: 24/52
    33 | D        | Noticed a destroyer
    33 | D        | Noticed a destroyer
    33 | D        | Noticed a meat berserker
    33 | D        | Noticed a meat berserker
    35 | D        | Noticed a large bag of meat
    36 | D        | Slain by a destroyer

Vault maps used:
D:        meatsprint

Skill      XL: |  1  2  3  4  5  6  7  8  9 10 11 12 13 14 15 16 17 18 19 20 21 |
---------------+----------------------------------------------------------------+-----
Stealth        | 27 | 27.0
Dodging        | 15 20 24 27 | 27.0
Fighting       | 6 8 12 24 27 | 27.0
Axes           | 11 16 25 27 | 27.0
Spellcasting   | 11 20 27 | 27.0
Conjurations   | 2 6 17 20 | 20.3
Poison Magic   | 22 27 | 27.0

Action                   |  1- 3 |  4- 6 |  7- 9 | 10-12 | 13-15 | 16-18 | 19-21 || total
-------------------------+-------+-------+-------+-------+-------+-------+-------++-------
Melee: Executioner's axe |     1 |       |       |     1 |     1 |     6 |     5 ||    14
Dodge: Dodged            |       |       |       |     1 |     1 |     1 |       ||     3
